 Dungeon Crawl Stone Soup version 0.31-a0-185-g9dded2c639 (webtiles) character file.

Game seed: 1048228130938769724

262 qw the Skirmisher (level 5, -1/30 HPs)
             Began as a Deep Elf Hunter on June 22, 2023.
             Slain by an adder (3 damage)
             ... on level 3 of the Dungeon.
             The game lasted 00:01:09 (2131 turns).

qw the Skirmisher (Deep Elf Hunter)                 Turns: 2131, Time: 00:01:09

Health: -1/30      AC: 10    Str: 10    XL:     5   Next: 97%
Magic:  7/7        EV:  9    Int: 14    God:
Gold:   143        SH:  0    Dex: 18    Spells: 4/4 levels left

rFire   . . .        Y - +0 shortbow
rCold   . . .        (shield currently unavailable)
rNeg    . . .        d - +0 scale mail
rPois   .            (no helmet)
rElec   .            (no cloak)
rCorr   .            (no gloves)
SInv    .            (no boots)
Will    .....        (no amulet)
Stlth   +            b - +4 ring of protection
HPRegen 0.25/turn    (no ring)
MPRegen 0.10/turn

%: no passive effects
@: no status effects
A: no striking features
a: no special abilities


You were on level 3 of the Dungeon.
You visited 1 branch of the dungeon, and saw 3 of its levels.

You collected 143 gold pieces.


   Skills:
 - Level 2.0 Fighting
 - Level 9.1 Ranged Weapons
 + Level 0.8 Armour
 - Level 2.4 Dodging
 - Level 1.2 Stealth


You had 4 spell levels left.
You didn't know any spells.
Your spell library was empty.

Inventory:

Hand Weapons
 Y - a +0 shortbow (weapon)
Armour
 d - a +0 scale mail (worn)
Jewellery
 b - a +4 ring of protection (left hand)
Wands
 c - a wand of digging (4)
Scrolls
 f - a scroll of enchant armour {unknown}
Potions
 a - a potion of might
 e - a potion of berserk rage {unknown}
 g - a potion of degeneration {unknown}

Dungeon Overview and Level Annotations

Branches:
Dungeon (3/15)

Altars:
Xom


Message History

The adder bites you. Terence misses you. The adder closely misses you.
You barely miss Terence.
Terence is severely wounded.
The adder completely misses you. Terence hits you with a +0 flail.
You touch Terence but do no damage.
Terence is severely wounded.
The adder closely misses you. Terence closely misses you.
You touch Terence but do no damage.
Terence is severely wounded.
The adder closely misses you. Terence barely misses you.
You touch Terence but do no damage.
Terence is severely wounded.
The adder misses you. Terence hits you but does no damage.
You touch Terence but do no damage.
Terence is severely wounded.
The adder barely misses you. Terence barely misses you.
The adder bites you but does no damage.
You touch Terence.
You kill Terence!
The adder misses you.
You barely miss the adder. The adder closely misses you.
You touch the adder.
The adder is heavily wounded.
You condense into your normal self.
Your +0 shortbow unmelds from your body.
Your +0 scale mail unmelds from your body.
Your +4 ring of protection unmelds from your body.
You feel sick. The adder closely misses you.
You shoot an arrow. The arrow closely misses the adder.
You feel sick. The adder completely misses you. The adder barely misses you.
You shoot an arrow. The arrow barely misses the adder.
You feel sick.
You are no longer poisoned.
The adder bites you. The adder barely misses you.
You shoot an arrow. The arrow barely misses the adder.
The adder bites you but does no damage.
You shoot an arrow. The arrow closely misses the adder.
The adder bites you but does no damage. The adder bites you.
You die...

.# .# ..#
#.# ..#
.#.#####.#
......)S.#
#@.# ###..#
#....#
#.#.##
#.#.####
.##......#
.........<.#
.####.#..#.#
#.#..#.#


You could see an adder.

Vanquished Creatures
  Terence (D:3)
  Natasha (thrice) (D:2)
  An orc wizard (D:3)
  5 adders
  A worm (D:3)
  4 dart slugs
  5 orcs (D:3)
  6 bats
  4 endoplasms
  12 goblins
  9 hobgoblins
  3 jackals (D:2)
  3 quokkas (D:1)
  4 ball pythons
  4 frilled lizards
  9 kobolds
  4 rats
  A spectral hobgoblin (D:1)
79 creatures vanquished.

Notes
Turn   | Place    | Note
-------+----------+-------------------------------------------
     0 | D:1      | qw the Deep Elf Hunter began the quest for the Orb.
     0 | D:1      | Reached XP level 1. HP: 12/12 MP: 3/3
     0 | D:1      | 0 ||| qw: Version: 0.3-a-9-g12657ce
     0 | D:1      | 0 ||| qw: Game counter: 1673
     0 | D:1      | 0 ||| qw: Always use a shield: true
     0 | D:1      | 0 ||| qw: God list: Okawaru
     0 | D:1      | 0 ||| qw: Allow faded altars: false
     0 | D:1      | 0 ||| qw: Do Orc after D:15 true
     0 | D:1      | 0 ||| qw: Do second Lair branch before Depths: true
     0 | D:1      | 0 ||| qw: Lair rune preference: random
     0 | D:1      | 0 ||| qw: Plans: Normal
     0 | D:1      | 0 ||| PLANNING D:1-11
    23 | D:1      | Reached XP level 2. HP: 16/16 MP: 4/4
    28 | D:1      | Reached skill level 6 in Ranged Weapons
    65 | D:1      | Found a faded altar of an unknown god.
   164 | D:1      | Reached XP level 3. HP: 20/20 MP: 5/5
   419 | D:1      | 419 ||| UPGRADING to +0 scale mail.
   429 | D:1      | 429 ||| DROPPING +0 leather armour.
   430 | D:1      | 430 ||| READING scroll labelled VOSYJASIWN.
   431 | D:1      | 431 ||| READING scroll labelled ONUNIGG LYQU.
   434 | D:1      | 434 ||| DROPPING scroll of butterflies.
   446 | D:2      | 446 ||| STAIRDANCE
   496 | D:2      | Reached skill level 7 in Ranged Weapons
   612 | D:2      | Noticed Natasha
   617 | D:2      | Killed Natasha
   618 | D:2      | Reached XP level 4. HP: 17/25 MP: 6/6
   692 | D:2      | Noticed Natasha
   693 | D:2      | 693 ||| FLEEEEING.
   694 | D:2      | 694 ||| FLEEEEING.
   721 | D:2      | Killed Natasha
   722 | D:2      | Reached skill level 8 in Ranged Weapons
   723 | D:2      | Noticed Natasha
   725 | D:2      | Killed Natasha
   816 | D:2      | Reached XP level 5. HP: 23/29 MP: 7/7
   823 | D:2      | 823 ||| FLEEEEING.
   824 | D:2      | 824 ||| FLEEEEING.
   825 | D:2      | 825 ||| FLEEEEING.
   826 | D:2      | 826 ||| FLEEEEING.
   827 | D:2      | 827 ||| FLEEEEING.
   828 | D:2      | 828 ||| FLEEEEING.
   830 | D:2      | 830 ||| FLEEEEING.
   832 | D:2      | 832 ||| FLEEEEING.
   833 | D:2      | 833 ||| FLEEEEING.
   834 | D:2      | 834 ||| FLEEEEING.
   835 | D:2      | 835 ||| FLEEEEING.
   836 | D:2      | 836 ||| FLEEEEING.
   837 | D:2      | 837 ||| FLEEEEING.
   838 | D:2      | 838 ||| FLEEEEING.
   839 | D:2      | 839 ||| FLEEEEING.
   840 | D:2      | 840 ||| FLEEEEING.
   841 | D:2      | 841 ||| FLEEEEING.
   842 | D:2      | 842 ||| FLEEEEING.
   843 | D:2      | 843 ||| FLEEEEING.
   844 | D:2      | 844 ||| FLEEEEING.
   845 | D:2      | 845 ||| FLEEEEING.
   846 | D:2      | 846 ||| FLEEEEING.
   847 | D:2      | 847 ||| FLEEEEING.
   848 | D:2      | 848 ||| FLEEEEING.
   849 | D:2      | 849 ||| FLEEEEING.
   850 | D:2      | 850 ||| FLEEEEING.
  1443 | D:2      | HP: 6/29 [goblin/+0 club (3)]
  1449 | D:2      | HP: 4/29 [hobgoblin (2)]
  1566 | D:2      | 1566 ||| UPGRADING to +4 ring of protection.
  1567 | D:2      | 1567 ||| READING scroll labelled PEAVVA EKLO.
  1668 | D:2      | 1668 ||| DRINKING 2 pink potions.
  1726 | D:3      | Reached skill level 9 in Ranged Weapons
  1930 | D:3      | Found a shimmering altar of Xom.
  1940 | D:3      | Identified the +3 rapier "Beohoibb" {elec, +Blink rC+
                  | Will+}
  2099 | D:3      | Noticed Terence
  2120 | D:3      | HP: 6/30 [Terence/+0 flail (6)]
  2125 | D:3      | Killed Terence
  2127 | D:3      | HP: 6/30 [poisoned by an adder]
  2129 | D:3      | HP: 2/30 [adder (2)]
  2131 | D:3      | Slain by an adder

Levels and vault maps discovered:
D:1:      saegor_arrival_simple_b, layout_rooms,
          dreamdust_ecumenical_altar_drowned_temple, amcnicky_mini_pool_small
D:2:      cheibrodos_greedy_goblins, layout_basic, uniq_natasha
D:3:      layout_basic, grunt_gozag_statues, mainiacjoe_overflow_catwalk,
          serial_glass, glass_columns_a, glass_columns_a, glass_columns_a,
          glass_columns_b, glass_columns_a, glass_columns_b, uniq_terence

Skill      XL: |  1  2  3  4  5 |
---------------+----------------+-----
Ranged Weapons | 6 7 8 9 |  9.1
Fighting       | 2 |  2.0
Armour         | |  0.8
Dodging        | |  2.4
Stealth        | |  1.2

Action                     |  1- 3 |  4- 6 || total
---------------------------+-------+-------++-------
  Melee: Unarmed           |       |    22 ||    22
   Fire: Shortbow          |   103 |   172 ||   275
    Use: Scroll            |     2 |     1 ||     3
         Potion            |       |     1 ||     1
 Armour: Leather armour    |     1 |       ||     1
         Scale mail        |     4 |    75 ||    79
         Skin              |       |     7 ||     7
  Dodge: Dodged            |     8 |    96 ||   104

Table legend:
 A = Non-vault XP
 B = Vault XP
 C = Vault XP percentage of total XP
 D = Non-vault monster count
 E = Vault monster count
 F = Vault count percentage of total count
                 A         B        C        D         E       F
            +---------+---------+-------+---------+---------+-------
      Total |     282 |      93 |  24.8 |      65 |      14 |  17.7
            +---------+---------+-------+---------+---------+-------
        D:1 |      55 |       1 |   1.8 |      29 |       1 |   3.3
        D:2 |     138 |      56 |  28.9 |      21 |      12 |  36.4
        D:3 |      89 |      36 |  28.8 |      15 |       1 |   6.2
            +---------+---------+-------+---------+---------+-------
